Map: [ESL] Oceanborn

Players

Has

  • Race: Protoss Protoss
  • Spawn Location: 5:00

Nice - Winner!

  • Race: Protoss Protoss
  • Spawn Location: 11:00

Event: ESL SC2 Masters 2024 Spring (Regional)

VOD

Have the link to the VOD?

Description

Time

  • Played on: April 16, 2024, 8:25 a.m.
  • Length: 9:57

All games in this series

Show
View Real Time Build Order
Export as new Build Order

Has Protoss 

Build Orders: Blink Stalkers, Zealot Archon 

Get SALT Encoding   

  12  0:00  Probe  
  13  0:12  Probe  
  14  0:17  Pylon  
  14  0:24  Probe (Chrono Boost)  
  16  0:36  Probe (Chrono Boost)  
  16  0:37  Gateway  
  16  0:41  Probe (Chrono Boost)  
  16  0:45  Assimilator  
  17  0:52  Probe  
  17  0:54  Assimilator  
  18  1:04  Probe  
  18  1:09  Gateway  
  19  1:16  Probe  
  20  1:24  Cybernetics Core  
  20  1:28  Probe  
  20  1:32  Pylon  
  21  1:41  Probe  
  22  1:53  Probe  
  23  2:00  Shield Battery  
  23  2:02  Warp Gate  
  23  2:05  Stalker  
  23  2:06  Stalker  
  27  2:17  Twilight Council  
  27  2:19  Probe  
  28  2:33  Pylon  
  27  2:45  Stalker x2  
  31  2:53  Blink (Chrono Boost)  
  31  3:13  Nexus  
  31  3:35  Pylon  
  31  3:48  Gateway  
  31  3:50  Stalker  
  31  3:51  Stalker  
  31  3:55  Gateway  
  35  3:57  Probe  
  36  4:10  Pylon  
  36  4:16  Stalker  
  37  4:20  Stalker  
  39  4:32  Probe  
  39  4:33  Probe  
  41  4:40  Pylon  
  41  4:47  Probe (Chrono Boost)  
  41  4:49  Probe (Chrono Boost)  
  43  4:52  Stalker  
  43  4:57  Probe (Chrono Boost)  
  43  4:58  Probe (Chrono Boost)  
  47  5:02  Probe (Chrono Boost)  
  47  5:04  Probe  
  49  5:10  Adept x2  
  49  5:14  Probe  
  54  5:18  Probe  
  54  5:19  Sentry  
  54  5:20  Charge (Chrono Boost)  
  57  5:26  Probe  
  58  5:30  Probe  
  59  5:38  Probe  
  59  5:41  Pylon  
  60  5:43  Stalker x2  
  60  5:49  Shield Battery  
  64  5:51  Pylon  
  64  5:54  Probe x2  
  66  5:59  Forge  
  66  6:08  Robotics Facility  
  66  6:11  Zealot x2  
  70  6:12  Probe  
  70  6:14  Probe  
  72  6:24  Probe  
  73  6:29  Assimilator, Protoss Ground Weapons Level 1 (Chrono Boost)  
  73  6:34  Zealot x4  
  73  6:38  Probe  
  82  6:41  Pylon  
  82  6:44  Gateway  
  82  6:51  Templar Archives  
  82  6:56  Gateway  
  82  6:59  Observer (Chrono Boost)  
  82  7:00  Pylon  
  83  7:11  Zealot x2  
  86  7:32  Nexus  
  86  7:33  Probe x2  
  88  7:43  Pylon  
  88  7:46  Pylon  
  88  7:47  High Templar x2  
  88  7:49  Zealot  
  88  7:51  Archon  
  94  8:00  Gateway x2  
  94  8:05  Probe  
  94  8:06  Probe  
  94  8:10  Pylon, Observer  
  94  8:11  Robotics Bay  
  96  8:18  Probe  
  97  8:21  Probe  
  97  8:25  Zealot  
  97  8:26  Zealot x2  
  104  8:30  Probe  
  104  8:33  Probe  
  105  8:36  Observer (Chrono Boost)  
  105  8:37  Pylon x2  
  106  8:42  Probe  
  106  8:43  Assimilator  
  106  8:45  Probe x2  
  109  8:55  Disruptor (Chrono Boost)  
  113  9:08  Zealot x5  
  123  9:10  Stalker x2  
  125  9:20  Disruptor (Chrono Boost)  
  117  9:40  Zealot x5  
  117  9:41  Zealot x2  
Show
View Real Time Build Order
Export as new Build Order

Nice Protoss - Winner!

Build Orders:  

Get SALT Encoding   

  12  0:00  Probe  
  13  0:12  Probe  
  14  0:17  Pylon  
  14  0:24  Probe (Chrono Boost)  
  15  0:36  Gateway  
  15  0:37  Probe (Chrono Boost)  
  15  0:42  Probe (Chrono Boost)  
  16  0:45  Assimilator  
  17  0:54  Probe (Chrono Boost)  
  17  0:55  Assimilator  
  18  1:06  Probe (Chrono Boost)  
  18  1:08  Gateway  
  19  1:14  Probe (Chrono Boost)  
  20  1:20  Probe  
  20  1:23  Cybernetics Core  
  21  1:32  Probe  
  22  1:36  Pylon  
  22  1:44  Probe  
  23  1:56  Probe  
  28  2:02  Warp Gate, Stalker x2  
  28  2:16  Pylon  
  28  2:23  Shield Battery  
  28  2:25  Probe  
  29  2:32  Stalker  
  29  2:34  Stalker  
  32  2:55  Nexus  
  32  2:58  Probe  
  32  3:04  Sentry  
  32  3:05  Sentry  
  37  3:15  Robotics Facility  
  36  3:21  Pylon  
  36  3:25  Probe  
  37  3:37  Probe (Chrono Boost)  
  39  3:49  Probe (Chrono Boost)  
  39  3:50  Shield Battery  
  39  3:54  Probe (Chrono Boost)  
  40  3:59  Observer (Chrono Boost)  
  41  4:03  Probe  
  41  4:05  Stalker  
  41  4:06  Stalker  
  46  4:14  Immortal (Chrono Boost)  
  50  4:24  Immortal (Chrono Boost)  
  50  4:25  Probe x2  
  50  4:30  Stalker  
  54  4:39  Probe  
  54  4:40  Twilight Council  
  54  4:45  Observer  
  57  4:54  Immortal (Chrono Boost)  
  60  5:00  Probe  
  60  5:03  Probe  
  60  5:05  Pylon  
  61  5:12  Probe  
  62  5:14  Pylon  
  62  5:18  Blink (Chrono Boost)  
  62  5:24  Warp Prism (Chrono Boost), Probe x2  
  66  5:28  Assimilator  
  66  5:40  Probe x2  
  68  5:48  Gateway x2  
  68  5:49  Shield Battery  
  68  5:52  Probe  
  68  5:53  Pylon  
  68  5:54  Observer  
  69  6:03  Gateway  
  69  6:06  Sentry, Stalker, Gateway  
  69  6:08  Probe  
  69  6:09  Probe  
  75  6:16  Observer  
  75  6:18  Immortal (Chrono Boost)  
  75  6:24  Pylon  
  79  6:43  Pylon  
  79  6:47  Adept x2  
  79  6:52  Nexus  
  83  6:55  Stalker x2  
  87  7:03  Stalker  
  87  7:04  Stalker  
  91  7:09  Stalker  
  91  7:17  Resonating Glaives (Chrono Boost)  
  91  7:21  Warp Prism  
  89  7:24  Adept x2  
  89  7:27  Observer, Shield Battery  
  93  7:37  Sentry  
  93  7:38  Adept x2  
  93  7:40  Shield Battery  
  99  7:45  Zealot  
  101  7:56  Pylon  
  101  7:59  Pylon  
  101  8:00  Observer  
  101  8:05  Adept x4  
  109  8:09  Adept x2  
  113  8:21  Gateway  
  113  8:22  Gateway  
  116  8:36  Adept x3  
  119  8:46  Stalker x3  
  125  8:57  Pylon  
  125  8:58  Pylon  
  125  9:03  Adept x2  
  125  9:14  Adept x4  
  123  9:33  Stalker x2  
  123  9:34  Stalker x2  
  131  9:42  Stalker x3  
Tags
 
Add a new tag
Caveats
  • Supply blocks, unpowered buildings, or Contaminate may cause inaccurate times.
  • Supply counts are checked every 10 seconds.